 Dungeon Crawl Stone Soup version 0.26-a0-958-gf3041fb45f (webtiles) character file.

Game seed: 3334228514509617759

426 Forecaster the Skirmisher (level 6, -2/56 HPs)
             Began as a Naga Warper on Nov 30, 2020.
             Killed from afar by a white imp (6 damage)
             ... with a puff of frost
             ... on level 5 of the Dungeon.
             The game lasted 00:12:17 (6063 turns).

Forecaster the Skirmisher (Naga Warper)             Turns: 6063, Time: 00:12:19

Health: -2/56      AC:  3    Str: 14    XL:     6   Next: 97%
Magic:  3/9        EV: 10    Int: 14    God:
Gold:   175        SH:  5    Dex: 11    Spells: 2/10 levels left

rFire    . . .     SeeInvis +   q - +2 short sword (drain)
rCold    . . .     Faith    .   (no shield)
rNeg     . . .     Spirit   .   b - +0 leather armour
rPois    +         Reflect  +   (no helmet)
rElec    .         Harm     .   (no cloak)
rCorr    .         Rampage  .   (no gloves)
MR       .....                  (no barding)
Stlth    ++........             F - amulet of reflection
HPRegen  0.18/turn              (no ring)
MPRegen  0.11/turn              (no ring)

@: very slow
A: large, see invisible, deformed body, poison resistance, slowness 2, spit
poison 1, AC +2
a: Spit Poison


You were on level 5 of the Dungeon.
You visited 1 branch of the dungeon, and saw 5 of its levels.

You collected 175 gold pieces.

Inventory:

Hand Weapons
 a - a +0 spear
 f - a +0 dagger
 q - a +2 short sword of draining (weapon)
Missiles
 e - 5 boomerangs of dispersal (quivered)
 k - 56 poisoned darts
 p - 2 boomerangs
Armour
 b - a +0 leather armour (worn)
 r - a +0 tower shield
 w - a +0 robe
Jewellery
 v - an uncursed amulet of guardian spirit
 F - an amulet of reflection (around neck)
Wands
 m - a wand of digging (5)
 u - a wand of flame (15)
Scrolls
 d - a scroll of blinking
 h - 4 scrolls of enchant armour {unknown}
 i - 9 scrolls of identify {unknown}
 j - 3 scrolls of immolation {unknown}
 l - 2 scrolls of amnesia {unknown}
 n - 5 scrolls of remove curse {unknown}
 o - a scroll of noise {unknown}
 t - 2 scrolls of teleportation
 y - a scroll of magic mapping {unknown}
 A - 2 scrolls of enchant weapon {unknown}
Potions
 c - a potion of mutation {unknown}
 g - 3 potions of heal wounds {unknown}
 s - a potion of lignification {unknown}
 x - a potion of might {unknown}
 z - a potion of ambrosia {unknown}
 B - a potion of flight {unknown}
 C - a potion of cancellation {unknown}
 D - a potion of brilliance {unknown}
 E - a potion of haste {unknown}


   Skills:
 + Level 3.2 Fighting
 + Level 3.0 Short Blades
 + Level 2.7 Polearms
 + Level 0.8 Throwing
 + Level 2.5 Armour
 + Level 2.5 Dodging
 + Level 2.8 Stealth
 + Level 2.6 Spellcasting
 + Level 3.1 Translocations


You had 2 spell levels left.
You knew the following spells:

 Your Spells              Type           Power        Failure   Level
a - Blink                 Tloc           N/A          12%         2
b - Gell's Gravitas       Tloc           ##........   22%         3
c - Teleport Other        Tloc           ##......     22%         3

Your spell library contained the following spells:

 Spells                   Type           Power        Failure   Level
 Lesser Beckoning         Tloc           ##........   22%         3
 Passage of Golubria      Tloc           N/A          58%         4


Dungeon Overview and Level Annotations

Branches:
Dungeon (5/15)
 Temple: D:4-7

Altars:
Hepliaklqana


Innate Abilities, Weirdness & Mutations

You cannot wear boots.
Your serpentine skin is tough. (AC +2)
You have supernaturally acute eyesight. (SInv)
Armour fits poorly on your strangely shaped body.
Your system is resistant to poisons. (rPois)
You cover ground very slowly.
You can spit poison.


Message History

Aim: a white imp (heavily wounded, chance to defeat MR: 54%)
The white imp looks slightly unstable.
The white imp gestures at you. The puff of frost hits you!
* * * LOW HITPOINT WARNING * * *
You hit the white imp.
The white imp is severely wounded.
The white imp hits you but does no damage.
You barely miss the white imp.
The white imp is severely wounded.
The white imp disappears!
The white imp reappears nearby!
Casting: Teleport Other (dangerous; 22% risk of failure)
Confirm with . or Enter, or press ? or * to list all spells.
Aiming: Teleport Other (dangerous; 22% risk of failure)
Press: ? - help, Shift-Dir - straight line, f/p - white imp
Aim: a white imp (severely wounded, chance to defeat MR: 54%)
The white imp resists with significant effort.
The white imp gestures at you. The puff of frost hits you.
You die...

#...........#
#..#.#.####.#
#......#
#.##.###
#.##.##
#.##..#
#.###.#
#.###.##
#.##..@#
#.#....ยง#
#........#
#.....5....
##.......#.#
##....?##.#
##...## #
#...#


You could see a white imp.

Vanquished Creatures
  An ice beast (D:4)
  A scorpion (D:3)
  3 orc priests
  A hound (D:4)
  An orc wizard (D:4)
  Ijyb (D:3)
  2 adders (D:3)
  An ufetubus (D:4)
  An ooze (D:4)
  2 worms
  2 dart slugs
  5 leopard geckos
  2 orcs
  3 giant cockroaches
  8 goblins
  4 hobgoblins
  13 kobolds
  2 quokkas
  8 bats
  2 frilled lizards
  8 rats
71 creatures vanquished.

Vanquished Creatures (others)
  9 plants (D:1)
9 creatures vanquished.

Grand Total: 80 creatures vanquished

Notes
Turn   | Place    | Note
-------+----------+-------------------------------------------
     0 | D:1      | Forecaster the Naga Warper began the quest for the Orb.
     0 | D:1      | Reached XP level 1. HP: 19/19 MP: 3/3
     0 | D:1      | Noticed an orb of fire
     2 | D:1      | Noticed an ice dragon
     5 | D:1      | Noticed an ice dragon
     6 | D:1      | Noticed a tentacled monstrosity
     7 | D:1      | Noticed an ice dragon
     8 | D:1      | Noticed an orb of fire
    10 | D:1      | Noticed a tentacled monstrosity
    12 | D:1      | Noticed a white draconian
    14 | D:1      | Noticed a tentacled monstrosity
    16 | D:1      | Noticed an ice dragon
    16 | D:1      | Noticed an ice dragon
    18 | D:1      | Noticed a shadow dragon
   840 | D:1      | Reached XP level 2. HP: 25/26 MP: 5/5
   843 | D:1      | Learned a level 2 spell: Blink
  1099 | D:1      | Reached skill level 1 in Armour
  1368 | D:1      | HP: 1/26 [rat (2)]
  2078 | D:2      | Reached XP level 3. HP: 25/32 MP: 6/6
  4021 | D:3      | Found a hazy altar of Hepliaklqana.
  4044 | D:3      | Reached skill level 1 in Stealth
  4044 | D:3      | Reached XP level 4. HP: 38/39 MP: 7/7
  4137 | D:3      | Noticed Ijyb
  4149 | D:3      | Killed Ijyb
  4358 | D:3      | Reached skill level 1 in Short Blades
  4667 | D:3      | Reached XP level 5. HP: 39/46 MP: 8/8
  4920 | D:3      | HP: 2/46 [orc priest/nerve-wracking pain (9)]
  5142 | D:3      | Reached XP level 6. HP: 50/56 MP: 9/9
  5170 | D:4      | HP: 2/56 [orc wizard/magic dart (6)]
  5617 | D:4      | Noticed an ice beast
  5637 | D:4      | Killed an ice beast
  5887 | D:4      | Learned a level 3 spell: Gell's Gravitas
  5936 | D:4      | Learned a level 3 spell: Teleport Other
  6013 | D:5      | Entered Level 5 of the Dungeon
  6063 | D:5      | Killed from afar by a white imp

Illustrated notes

Levels and vault maps discovered:
D:1:      shiori_arrival_whats_in_store_for_you, layout_loops_corners,
          lexackson_kobold_supper
D:2:      layout_basic
D:3:      layout_basic, nicolae_overflow_crystal_walls, uniq_ijyb
D:4:      layout_rooms, enter_ossuary_5
D:5:      layout_loops_ring, minmay_temple_entry_ruins, basic_altar,
          uniq_blork_the_orc

Skill      XL: |  1  2  3  4  5  6 |
---------------+-------------------+-----
Armour         | 1 2 |  2.5
Stealth        | 1 2 |  2.8
Short Blades   | 1 2 3 |  3.0
Dodging        | 2 |  2.5
Fighting       | 3 |  3.2
Polearms       | |  2.7
Throwing       | |  0.8
Spellcasting   | |  2.6
Translocations | |  3.1

Action                   |  1- 3 |  4- 6 || total
-------------------------+-------+-------++-------
Melee: Spear             |   154 |       ||   154
       Short sword       |    29 |   143 ||   172
 Cast: Blink             |     1 |     5 ||     6
       Teleport Other    |       |     2 ||     2
       Gell's Gravitas   |       |     1 ||     1
  Use: Scroll            |     1 |       ||     1
       Potion            |       |     2 ||     2
 Stab: Sleeping          |     2 |     2 ||     4
Armor: Leather armour    |    67 |    37 ||   104
Dodge: Dodged            |    85 |    79 ||   164
Block: Other             |       |     3 ||     3

Table legend: (Time is in decaauts)
 A = Elapsed time spent in this place.
 B = Non-inter-level travel time spent in this place.
 C = Inter-level travel time spent in this place.
 D = Time resting spent in this place.
 E = Time spent auto-exploring this place.
 F = Levels seen in this place.
 G = Mean time per level.
                   A        B        C        D        E       F      G
               +--------+--------+--------+--------+--------+-----+--------+
         Total |   7224 |   6995 |    229 |   1528 |   4253 |   5 | 1444.8 |
       Dungeon |   7224 |   6995 |    229 |   1528 |   4253 |   5 | 1444.8 |
               +--------+--------+--------+--------+--------+-----+--------+

Top non-repeatable levels by time:
     D:1: 2391 daAuts
     D:2: 2345 daAuts
     D:3: 1422 daAuts
     D:4: 1010 daAuts
     D:5: 54 daAuts
